 Dungeon Sprint DCSS version 0.31-a0-844-gdc52ec4e09 (webtiles) character file.

Game seed: 14408937462791900503

417 sircluck the Grappler (level 6, -5/106 HPs)
             Began as a Troll Berserker on Sept 29, 2023.
             Was a Believer of Trog.
             Killed from afar by an efreet (40 damage)
             ... with a fireball
             ... in the Dungeon (Sprint VII: "The Pits").
             The game lasted 00:00:34 (241 turns).

sircluck the Grappler (Troll Berserker)              Turns: 241, Time: 00:00:34

Health: -5/106     AC:  4    Str: 28    XL:     6   Next: 61%
Magic:  5/5        EV: 11    Int:  3    God:    Trog [**....]
Gold:   0          SH:  0    Dex:  9    Spells: 5/5 levels left

rFire   . .          .
                       - Unarmed
rCold   . . .        (no shield)
rNeg    . . .        a - +0 animal skin
rPois   .            (helmet restricted)
rElec   .            (no cloak)
rCorr   .            (gloves unavailable)
SInv    .            (boots unavailable)
Will    .....        (no amulet) Stlth
                     (no ring)
HPRegen 1.17/turn    (no ring)
MPRegen 0.09/turn

%: no teleportation
@: berserking, very quick
A: large, unfitting armour, claws 3, regeneration 1, shaggy fur 1, tough skin 1
a: Renounce Religion, Berserk, Trog's Hand


You were in the Dungeon.
You worshipped Trog.
Trog was pleased with you.
You visited 1 branch

Inventory:

Armour
 a - a +0 animal skin (worn)
Scrolls
 g - a scroll of blinking
Potions
 b - a potion of curing
 c - a potion of heal wounds
 d - a potion of haste
 e - 2 potions of magic
 f - a potion of berserk rage


   Skills:
 + Level 7.4 Fighting
 + Level 7.3 Dodging
 + Level 8.8 Unarmed Combat


You had 5 spell levels left.
You didn't know any spells.
Your spell library was empty.

Dungeon Overview and Level Annotations

Branches:
Dungeon (1/1)

Altars:


Innate Abilities, Weirdness & Mutations

You are too large for most types of armour.
You have claws for hands.
Your natural rate of healing is unusually fast.
You are covered in fur. (AC +1)
You have tough skin. (AC +1)


Message History

You feel stronger.
Unknown command.
Unknown command.
You start resting.
You feel a strong urge to attack something.
You start resting.
You feel your anger nearly subside.
You are no longer berserk.
You are exhausted.
You feel yourself slow down.
You start resting.
You feel yourself speed up.
You start resting.
You recover from your berserk rage.
You see here a +3 scimitar of flaming.
You start resting.
HP restored.
There is a huge open gate to the Metal Vault (Medium) here.
There is a huge open gate to the Metal Vault (Medium) here.
You open the huge gate.
There is a huge open gate leading to the Armoury (Hard) here.
An efreet comes into view.
It is wielding a +4 scimitar of flaming.
There is a huge open gate here.
Unknown command.
An efreet comes into view.
It is wielding a +1 scimitar of flaming.
The efreet gestures at you. The bolt of fire hits you!
The efreet gestures at you.
The bolt of fire hits the efreet.
The efreet completely resists.
The bolt of fire hits you!!
A red film seems to cover your vision as you go berserk!
You feel yourself moving faster!
You feel mighty!
You feel a strong urge to attack something.
The efreet gestures at you. The bolt of fire hits you!!
You barely miss the efreet. You mangle the efreet!!
The efreet is severely wounded.
The efreet gestures at you.
The fireball explodes!
The fireball engulfs you!!!
You die...

######++##########
.............##..#
...#..#......##..#
.............''..#
.............''.@#
...#..#......##.R.R☼.○°.
.............##..°..○...
'#####''################
....##''#####
....##......#
....##....###
<...##...## ....##..##


You could see 2 efreet.

Vanquished Creatures
  An efreet (D)
  A redback (D)
  A hell rat (D)
  A giant cockroach (D)
4 creatures vanquished.

Notes
Turn   | Place    | Note
-------+----------+-------------------------------------------
     0 | D        | sircluck the Troll Berserker began the quest for the Orb.
     0 | D        | Reached XP level 1. HP: 22/22 MP: 0/0
    11 | D        | Noticed a hell rat
    23 | D        | Killed a hell rat
    24 | D        | Reached skill level 4 in Unarmed Combat
    24 | D        | Reached XP level 2. HP: 22/31 MP: 1/1
    86 | D        | Noticed a redback
    93 | D        | Killed a redback
    93 | D        | Reached ** piety under Trog
    94 | D        | Reached skill level 5 in Fighting
    94 | D        | Reached skill level 5 in Dodging
    94 | D        | Reached skill level 6 in Unarmed Combat
    94 | D        | Reached XP level 3. HP: 42/42 MP: 2/2
    94 | D        | Reached XP level 4. HP: 50/50 MP: 3/3
    94 | D        | Reached XP level 5. HP: 58/58 MP: 4/4
   147 | D        | Noticed an efreet
   153 | D        | HP: 4/87 [efreet/fireball (8)]
   155 | D        | Killed an efreet
   156 | D        | Reached skill level 8 in Unarmed Combat
   156 | D        | Reached XP level 6. HP: 6/71 MP: 5/5
   233 | D        | Noticed an efreet
   236 | D        | Noticed an efreet
   241 | D        | Killed from afar by an efreet

Illustrated notes

Levels and vault maps discovered:
D:        pitsprint [storerooms_1, entrance_room_1, metal_vault_6, armoury_1,
          mini_pit_1, grid_room_1, main_hall_1, silver_pit, the_coven_1,
          the_vestibule_1, steel_vault_3, golden_pit, hallway_of_sentries,
          crystal_vault_1, iron_vault_2, final_vault]

Skill      XL: |  1  2  3  4  5 |
---------------+----------------+-----
Fighting       | 3 5 7 |  7.4
Dodging        | 3 5 7 |  7.3
Unarmed Combat | 4 6 8 |  8.8

Action                     |  1- 3 |  4- 6 || total
---------------------------+-------+-------++-------
  Melee: Unarmed           |    11 |     7 ||    18
 Invoke: Berserk           |     2 |     2 ||     4
 Armour: Animal skin       |     6 |     7 ||    13
  Dodge: Dodged            |     1 |     1 ||     2

Table legend: (Time is in decaauts)
 A = Elapsed time spent in this place.
 B = Non-inter-level travel time spent in this place.
 C = Inter-level travel time spent in this place.
 D = Time resting spent in this place.
 E = Time spent auto-exploring this place.
 F = Levels seen in this place.
 G = Mean time per level.
                   A        B        C        D        E       F      G
               +--------+--------+--------+--------+--------+-----+--------+
         Total |    271 |    271 |      0 |    191 |     11 |   1 |  271.0 |
       Dungeon |    271 |    271 |      0 |    191 |     11 |   1 |  271.0 |
               +--------+--------+--------+--------+--------+-----+--------+

Top non-repeatable levels by time:
       D: 271 daAuts
